 Dungeon Crawl Stone Soup version 0.28-a0-425-gd0eccab798 (webtiles) character file.

Game seed: 16289704396549548703

170 porpoise the Conjurer (level 5, 0/42 HPs)
             Began as a Deep Elf Conjurer on Sept 9, 2021.
             Succumbed to a kobold brigand's poison
             ... on level 3 of the Dungeon.
             The game lasted 00:07:59 (2213 turns).

porpoise the Conjurer (Deep Elf Conjurer)           Turns: 2213, Time: 00:07:59

Health: 0/42       AC: 22    Str:  4    XL:     5   Next: 26%
Magic:  5/14       EV:  2    Int: 24    God:
Gold:   192        SH:  0    Dex: 13    Spells: 3/14 levels left

rFire   + + .      SeeInvis .   b - +0 hunting sling
rCold   + . .      Faith    .   (no shield)
rNeg    + + +      Spirit   .   (armour currently unavailable)
rPois   +          Reflect  .   (helmet currently unavailable)
rElec   +          Harm     .   (cloak currently unavailable)
rCorr   +          Rampage  .   (gloves currently unavailable)
Will    +....      NoTele   +   (boots currently unavailable)
Stlth   ++........              (no amulet)
HPRegen 0.14/turn               g - ring of protection from fire
MPRegen 0.14/turn               d - ring of willpower

@: lethally poisoned (0 -> -7), tree-form, resistant, attractive
A: stationary, stasis, torment immunity, boosted hp
a: no special abilities


You were on level 3 of the Dungeon.
You were a tree.
You visited 1 branch of the dungeon, and saw 3 of its levels.

You collected 192 gold pieces.

Inventory:

Hand Weapons
 a - a +0 short sword
 b - a +0 hunting sling (weapon)
Missiles
 c - 95 stones (quivered ammo)
 f - 21 sling bullets
Armour
 l - a +1 robe of fire resistance (melded)
Magical Staves
 e - a staff of fire
Jewellery
 d - a ring of willpower (right branch)
 g - a ring of protection from fire (left branch)
Scrolls
 j - a scroll of noise {unknown}
Potions
 h - a potion of resistance


   Skills:
 - Level 2.4 Dodging
 - Level 2.4 Stealth
 - Level 5.0 Spellcasting
 - Level 5.6 Conjurations
 + Level 2.1 Hexes
 + Level 1.7 Translocations


You had 3 spell levels left.
You knew the following spells:

 Your Spells              Type           Power      Damage    Failure   Level
a - Magic Dart            Conj           100%       1d8       1%          1
b - Searing Ray           Conj           66%        2d6       1%          2
c - Fulminant Prism       Conj/Hex       12%        3d9       17%         4
d - Iskenderun's Mystic   Conj/Tloc      23%        2d6       19%         4

Your spell library contained the following spells:

 Spells                   Type           Power      Damage    Failure   Level
 Dazzling Flash           Conj/Hex       48%        N/A       5%          3
 Ensorcelled Hibernation  Hex/Ice        22%        N/A       9%          2
 Tukima's Dance           Hex            16%        N/A       11%         3
 Sublimation of Blood     Necr           3%         N/A       13%         2
 Wereblood                Tmut           6%         N/A       13%         2
 Summon Guardian Golem    Hex/Summ       11%        N/A       17%         3
 Orb of Destruction       Conj           16%        9d8       100%        7
 Spellforged Servitor     Conj/Summ      9%         N/A       100%        7
 Summon Hydra             Summ           3%         N/A       100%        7


Dungeon Overview and Level Annotations

Branches:
Dungeon (3/15)

Altars:
Qazlal

Annotations:
D:3 Terence


Message History

The poisoned dart barely misses you.
Casting: Searing Ray (safe; 1% risk of failure)
Confirm with . or Enter, or press ? or * to list all spells.
Aiming: Searing Ray (safe; 1% risk of failure)
Press: ? - help, Shift-Dir - straight line, f/p - kobold brigand
Aim: a kobold brigand, wielding a +0 dagger and quivering poisoned darts (heavily wounded, 76% to hit)
The searing ray hits the kobold brigand!
The kobold brigand is almost dead. (Press . to maintain the ray.)
You feel sick.
The kobold brigand throws a poisoned dart.
The poisoned dart hits you!
You are lethally poisoned!
The searing ray hits the kobold brigand.
The kobold brigand is almost dead.
You feel very sick.
The kobold brigand throws a poisoned dart.
The poisoned dart barely misses you.
The searing ray hits the kobold brigand.
You kill the kobold brigand!
* * * LOW HITPOINT WARNING * * *
You feel very sick.
Your Hexes skill gained 2 levels and is now at level 2!
Your Translocations skill increases to level 1!
You have reached level 5!
It was a potion of resistance.
You feel protected.
* * * LOW HITPOINT WARNING * * *
You feel very sick.
It was a potion of attraction.
You feel attractive to monsters.
* * * LOW HITPOINT WARNING * * *
You feel sick.
It was a potion of lignification.
You turn into a tree.
Your +1 robe of fire resistance melds into your body.
You feel less resistant to fire.
Your roots penetrate the ground.
* * * LOW HITPOINT WARNING * * *
You feel sick.
Unknown command.
You die...

...............
................# ###
........†.....>.# ##..
.......<# .....># ##...
.###......#.....# .#....
#............ .#....
#...#####...# ######.#....
#?......#....# #......#....
#.........#♣.#####.....#....
#..................>........
..........##.##.......##....
...#). #.##.....#.##....
...... #.#........#.....
(.##..#.#..............
(........#.............. ..
#......P.PPPPP.....
###.#..PPPPPPP.....


There were no monsters in sight!

Vanquished Creatures
  A kobold brigand (D:3)
  Jessica (D:2)
  An iguana (D:3)
  A worm (D:2)
  2 dart slugs (D:1)
  3 bats
  4 endoplasms
  A giant cockroach (D:2)
  4 goblins
  6 hobgoblins
  6 kobolds
  4 quokkas
  4 ball pythons (D:1)
  4 frilled lizards
  3 rats
45 creatures vanquished.

Vanquished Creatures (others)
  3 plants (D:3)
3 creatures vanquished.

Grand Total: 48 creatures vanquished

Notes
Turn   | Place    | Note
-------+----------+-------------------------------------------
     0 | D:1      | porpoise the Deep Elf Conjurer began the quest for the Orb.
     0 | D:1      | Reached XP level 1. HP: 10/10 MP: 6/6
   235 | D:1      | Reached XP level 2. HP: 15/15 MP: 2/8
   607 | D:1      | Learned a level 2 spell: Searing Ray
   859 | D:1      | Reached XP level 3. HP: 19/19 MP: 6/10
   893 | D:1      | Reached skill level 5 in Conjurations
  1769 | D:2      | Noticed Jessica
  1770 | D:2      | Killed Jessica
  1771 | D:2      | Reached XP level 4. HP: 24/24 MP: 8/12
  1940 | D:2      | Learned a level 4 spell: Fulminant Prism
  1945 | D:2      | Learned a level 4 spell: Iskenderun's Mystic Blast
  1982 | D:3      | Noticed Terence
  2099 | D:3      | Found a stormy altar of Qazlal.
  2122 | D:3      | Reached skill level 5 in Spellcasting
  2200 | D:3      | Noticed a kobold brigand
  2209 | D:3      | Killed a kobold brigand
  2210 | D:3      | Reached skill level 1 in Translocations
  2210 | D:3      | Reached XP level 5. HP: 7/28 MP: 4/14
  2212 | D:3      | HP: 1/42 [poisoned by a kobold brigand]
  2213 | D:3      | Succumbed to a kobold brigand's poison

Illustrated notes

Levels and vault maps discovered:
D:1:      enne_arrival_octagon_isle, layout_basic, minmay_pentomino_u4
D:2:      layout_rooms, serial_corexii_hall, chequers_hall_statues_wall_a,
          chequers_hall_statues_wall_a, bh_walls_and_bars, uniq_jessica
D:3:      layout_rooms, mainiacjoe_overflow_chevrons, tso_metal_star,
          amcnicky_altar_gilded, shapermc_ecumenical_altar_petra, uniq_terence,
          uniq_robin

Skill      XL: |  1  2  3  4 |
---------------+-------------+-----
Spellcasting   | 4 5 |  5.0
Conjurations   | 5 |  5.6
Hexes          | 2 |  2.1
Translocations | 1 |  1.7
Dodging        | |  2.4
Stealth        | |  2.4

Action                   |  1- 3 |  4- 6 || total
-------------------------+-------+-------++-------
 Fire: Hunting sling     |     4 |     4 ||     8
 Cast: Magic Dart        |    70 |    11 ||    81
       Searing Ray       |     2 |     3 ||     5
  Use: Potion            |       |     3 ||     3
Armor: Robe              |     1 |       ||     1
Dodge: Dodged            |     8 |     2 ||    10

Table legend: (Time is in decaauts)
 A = Elapsed time spent in this place.
 B = Non-inter-level travel time spent in this place.
 C = Inter-level travel time spent in this place.
 D = Time resting spent in this place.
 E = Time spent auto-exploring this place.
 F = Levels seen in this place.
 G = Mean time per level.
                   A        B        C        D        E       F      G
               +--------+--------+--------+--------+--------+-----+--------+
         Total |   2210 |   2131 |     79 |    747 |   1088 |   3 |  736.7 |
       Dungeon |   2210 |   2131 |     79 |    747 |   1088 |   3 |  736.7 |
               +--------+--------+--------+--------+--------+-----+--------+

Top non-repeatable levels by time:
     D:1: 1304 daAuts
     D:2: 767 daAuts
     D:3: 139 daAuts
